 Dungeon Crawl Stone Soup version 0.25-a0-1133-g93ebf739aa (webtiles) character file.

Game seed: 11807582047910294583, levelgen mode: deterministic

37 Holzbalken the Chopper (level 3, -3/31 HPs)
             Began as a Hill Orc Monk on May 22, 2020.
             Slain by a gnoll
             ... wielding a +0 halberd
              (7 damage)
             ... on level 3 of the Dungeon.
             The game lasted 00:04:06 (1186 turns).

Holzbalken the Chopper (Hill Orc Monk)              Turns: 1186, Time: 00:04:07

Health: -3/31      AC:  8    Str: 14    XL:     3   Next: 41%
Magic:  3/3        EV: 10    Int: 10    God:
Gold:   51         SH:  0    Dex: 13    Spells: 2/2 levels left

rFire    . . .     SeeInvis .   a - +0 hand axe
rCold    . . .     Gourm    .   (no shield)
rNeg     . . .     Faith    .   h - +0 scale mail
rPois    .         Spirit   .   (no helmet)
rElec    .         Reflect  .   (no cloak)
rCorr    .         Harm     .   (no gloves)
MR       .....                  l - +1 pair of boots
Stlth    ..........             (no amulet)
HPRegen  0.10/turn              (no ring)
MPRegen  0.08/turn              (no ring)

@: no status effects
A: no striking features
a: no special abilities


You were on level 3 of the Dungeon.
You were not hungry.

You visited 1 branch of the dungeon, and saw 3 of its levels.

You collected 51 gold pieces.

Inventory:

Hand Weapons
 a - a +0 hand axe (weapon)
Missiles
 c - 30 stones (quivered)
Armour
 b - a +0 robe
 h - a +0 scale mail (worn)
   (You found it on level 1 of the Dungeon)
 l - a +1 pair of boots (worn)
   (You found it on level 2 of the Dungeon)
Magical Staves
 m - an uncursed staff of earth {unknown}
   (You found it on level 3 of the Dungeon)
Scrolls
 d - a scroll of fear {unknown}
 g - a scroll of teleportation {unknown}
 i - a scroll of magic mapping {unknown}
 j - a scroll of identify {unknown}
 k - a scroll of random uselessness {unknown}
Comestibles
 e - 5 rations {!d}
 f - 6 chunks of flesh


   Skills:
 - Level 3.6 Fighting
 + Level 5.8 Axes
 - Level 2.4 Dodging
 - Level 1.5 Stealth


You had 2 spell levels left.
You didn't know any spells.
Your spell library was empty.

Dungeon Overview and Level Annotations

Branches:
Dungeon (2/15)

Altars:
Cheibriados
Dithmenos
Ru
Xom
Zin


Message History

f - 6 chunks of flesh (gained 2)
You see here a goblin skeleton.
There is a stone staircase leading up here.
Things that are here:
a +0 dagger; a goblin skeleton
e - 5 rations {!d} (gained 1)
A leopard gecko comes into view.
You fall into a shaft and drop 1 floor!
The shaft crumbles and collapses.
You open the door.
Found a shimmering altar of Xom.
There is an open door here.
Found a sacrificial altar of Ru and a snail-covered altar of Cheibriados.
Found three altars.
The altar is a mimic!
The altar mimic guffaws and vanishes in a puff of smoke!
There is an open door here.
You open the door.
Found 11 gold pieces.
There is an open door here.
You now have 51 gold pieces (gained 11).
You open the door.
There is an open door here.
Found 2 boomerangs and a twisted smoking staff.
You see here a twisted smoking staff.
You see here a twisted smoking staff.
m - a twisted smoking staff 2 gnolls come into view.
The gnoll shouts! x2; You hear a shout!
The gnoll hits you but does no damage.
A gnoll comes into view. It is wielding a +0 spear.
The gnoll hits you but does no damage.
You open the door.
There is an open door here.
There is an open door here.
An adder comes into view.
The gnoll hits you with a +0 flail!
You hit the gnoll but do no damage. The gnoll hits you with a +0 flail.
You slash the gnoll! The gnoll hits you but does no damage.
You closely miss the gnoll. The gnoll completely misses you.
You hit the gnoll but do no damage. The gnoll hits you with a +0 flail.
The gnoll hits you but does no damage.
You barely miss the gnoll. You closely miss the adder.
The adder bites you but does no damage. The gnoll hits you with a +0 flail!
* * * LOW HITPOINT WARNING * * *
The gnoll barely misses you.
Your scale mail prevents you from hitting the gnoll.
You hit the adder. The adder closely misses you. The gnoll closely misses you.
The gnoll hits you from afar with a +0 halberd!
You die...

#8.......8# ##.
#._....._.# #.
#8.......8# #.
#######...#### ##'
#...g.#...# ##..
#g###.#...# ##... #g#
#.#8.8# ##....
.#####.###.##'#####.....
.......S@g.......g.'.....
..########..#...####.....
#..#..## ##.... #..#.##
##... #..#.# ##.. #..#.#
##+ #..#.# #....#


You could see 3 gnolls and an adder.

Vanquished Creatures
  An adder skeleton (D:2)
  A worm (D:2)
  6 bats (D:1)
  3 giant cockroaches (D:1)
  7 goblins
  4 hobgoblins (D:1)
  A ball python (D:1)
  4 frilled lizards (D:1)
  A kobold (D:1)
  2 rats (D:1)
30 creatures vanquished.

Notes
Turn   | Place    | Note
-------+----------+-------------------------------------------
     0 | D:1      | Holzbalken the Hill Orc Monk began the quest for the Orb.
     0 | D:1      | Reached XP level 1. HP: 19/19 MP: 1/1
   127 | D:1      | Reached XP level 2. HP: 22/26 MP: 2/2
   398 | D:1      | Reached skill level 5 in Axes
   758 | D:1      | Reached XP level 3. HP: 31/31 MP: 3/3
  1058 | D:2      | You fall into a shaft and drop 1 floor!
  1064 | D:3      | Found a shimmering altar of Xom.
  1066 | D:3      | Found a sacrificial altar of Ru.
  1066 | D:3      | Found a snail-covered altar of Cheibriados.
  1068 | D:3      | Found a shadowy altar of Dithmenos.
  1068 | D:3      | Found a glowing silver altar of Zin.
  1068 | D:3      | Found a shimmering altar of Xom.
  1186 | D:3      | Slain by a gnoll

Illustrated notes

Levels and vault maps discovered:
D:1:      dpeg_arrival_stone_temple_mockup, layout_basic, st_stairs_6,
          chequers_serial_rivers_marsh
D:2:      layout_basic
D:3:      layout_loops_corners, doesnt_xom_only_xom, nrook_loot_triangle

Skill      XL: |  1  2 |
---------------+-------+-----
Axes           | 5 |  5.8
Fighting       | |  3.6
Dodging        | |  2.4
Stealth        | |  1.5

Action                   || total
-------------------------++-------
Melee: Hand axe          ||    98
  Eat: Chunk             ||     1
Armor: Robe              ||    16
       Scale mail        ||    32
Dodge: Dodged            ||    75

Table legend:
 A = Non-vault XP
 B = Vault XP
 C = Vault XP percentage of total XP
 D = Non-vault monster count
 E = Vault monster count
 F = Vault count percentage of total count
                 A         B        C        D         E       F
            +---------+---------+-------+---------+---------+-------
      Total |      53 |       1 |   1.9 |      29 |       1 |   3.3
            +---------+---------+-------+---------+---------+-------
        D:1 |      37 |       1 |   2.6 |      24 |       1 |   4.0
        D:2 |      16 |       0 |   0.0 |       5 |       0 |   0.0
            +---------+---------+-------+---------+---------+-------
